 Dungeon Crawl Stone Soup version 0.20-a0-909-g1a4ba80 (webtiles) character file.

66 Hook the Sneak (level 4, 0/23 HPs)
             Began as a Vine Stalker Assassin on Mar 22, 2017.
             Succumbed to an adder's poison
             ... on level 3 of the Dungeon.
             The game lasted 00:06:40 (1953 turns).

Hook the Sneak (Vine Stalker Assassin)              Turns: 1953, Time: 00:06:40

Health: 0/23       AC:  3    Str: 13    XL:     4   Next: 15%
Magic:  2/5        EV: 12    Int: 11    God:
Gold:   103        SH:  0    Dex: 17    Spells: 3/3 levels left

rFire    . . .     SeeInvis .   a - +2 dagger
rCold    . . .     Gourm    .   c - +0 robe
rNeg     . . .     Faith    .   (no shield)
rPois    .         Spirit   +   (no helmet)
rElec    .         Reflect  .   d - +0 cloak
rCorr    .         Harm     .   (no gloves)
MR       .....                  (no boots)
Stlth    ++........             h - amulet of guardian spirit
Regen    0.5/turn               (no ring)
MPRegen  0.1/turn               (no ring)

@: lethally poisoned (0 -> -6), very slow
A: fangs 2, regeneration 1, magic shield, antimagic bite, no potion heal 3, rot
immunity
a: no special abilities


You were on level 3 of the Dungeon.
You were not hungry.

You visited 1 branch of the dungeon, and saw 3 of its levels.

You collected 103 gold pieces.

Inventory:

Hand Weapons
 a - a +2 dagger (weapon)
 b - a +0 blowgun
Missiles
 e - 7 poisoned needles
 f - 2 curare-tipped needles
 i - 5 javelins (quivered)
Armour
 c - a +0 robe (worn)
 d - a +0 cloak (worn)
Jewellery
 h - an amulet of guardian spirit (around neck)
Scrolls
 l - 2 scrolls of identify {unknown}
 o - 2 scrolls of blinking {unknown}
Potions
 m - 3 potions of curing {unknown}
 n - 2 potions of heal wounds {unknown}
 p - a potion of lignification {unknown}
Comestibles
 g - 5 bread rations
 j - 3 fruits
 k - 2 meat rations
 q - 2 chunks of flesh


   Skills:
 + Level 2.1 Fighting
 + Level 2.3 Short Blades
 + Level 2.3 Throwing
 + Level 1.4 Dodging
 * Level 5.5 Stealth


You had 3 spell levels left.
You didn't know any spells.

Dungeon Overview and Level Annotations

Branches:
Dungeon (3/15)

Altars:

Portals:
Sewer: D:3


Innate Abilities, Weirdness & Mutations

You have extremely sharp teeth.
Your natural rate of healing is unusually fast.
When hurt, damage is shared between your health and your magic reserves.
Your bite disrupts and absorbs the magic of your enemies.
Potions cannot restore your health.
You are immune to rotting.


Message History

The adder is heavily wounded.
The adder bites you. The adder bites you but does no damage.
Your unstable footing causes you to fumble your attack.
You feel sick. The adder bites you.
Your unstable footing causes you to fumble your attack.
The adder bites you.
You are more poisoned.
The adder poisons you!
Your unstable footing causes you to fumble your attack.
You feel sick. The adder bites you.
* * * LOW HITPOINT WARNING * * *
You are lethally poisoned!
The adder poisons you!
* * * LOW HITPOINT WARNING * * *
You feel very sick. The adder barely misses you.
* * * LOW HITPOINT WARNING * * *
You feel sick. The adder barely misses you. The adder bites you.
* * * LOW HITPOINT WARNING * * *
You die...

#.......# #.....#
##....†##
#########.......#
................######..
.....###................
.......###.>...#######..
.....#..###...############
.....#..........@≈S≈≈≈≈∩≈#
.....#..........##########
.....#.................
.....#.................
...............#(......
...............####..##
........###...## .##
.#####......##. # .#
#..##....


You could see an adder.

Vanquished Creatures
  2 worms (D:2)
  A dart slug (D:1)
  A leopard gecko (D:1)
  An orc (D:3)
  9 bats
  2 giant cockroaches (D:1)
  8 hobgoblins
  9 jackals
  A ball python (D:1)
  3 frilled lizards
  5 goblins
  6 kobolds
  7 rats
55 creatures vanquished.

Notes
Turn   | Place    | Note
-------+----------+-------------------------------------------
     0 | D:1      | Hook the Vine Stalker Assassin began the quest for the Orb.
     0 | D:1      | Reached XP level 1. HP: 11/11 MP: 2/2
    44 | D:1      | Reached skill level 1 in Dodging
    79 | D:1      | Reached skill level 5 in Stealth
    79 | D:1      | Reached XP level 2. HP: 12/15 MP: 3/3
   367 | D:1      | Reached XP level 3. HP: 17/18 MP: 4/4
  1452 | D:2      | Gained mutation: Your natural rate of healing is unusually fast. [Vine Stalker growth]
  1452 | D:2      | Reached XP level 4. HP: 22/23 MP: 5/5
  1939 | D:3      | Found a glowing drain.
  1952 | D:3      | HP: 1/23 [adder (2)]
  1953 | D:3      | Succumbed to an adder's poison

Vault maps used:
D:1:      wheals_arrival_shading
D:3:      grunt_temple_overflow_diamond, portal_sewer_entry_d

Skill      XL: |  1  2  3 |
---------------+----------+-----
Dodging        | 1 |  1.4
Stealth        | 5 |  5.5
Fighting       | 2 |  2.1
Throwing       | 2 |  2.3
Short Blades   | 2 |  2.3

Action                   |  1- 3 |  4- 6 || total
-------------------------+-------+-------++-------
Melee: Dagger            |   103 |    18 ||   121
       Bite              |    18 |     2 ||    20
 Fire: Blowgun           |     8 |       ||     8
Throw: Javelin           |     1 |       ||     1
  Use: Scroll            |     2 |       ||     2
 Stab: Sleeping          |    20 |     4 ||    24
  Eat: Chunk             |     2 |     1 ||     3
Armor: Robe              |    16 |     2 ||    18
Dodge: Dodged            |    49 |     9 ||    58
